AoeStats
← G2_pizza

Arabia

508380594Analyzed
1v1 RM · 12d ago on Sep 22, 2026· 14m 45s· 2 players
Game mode
Random Map
Map size
Tiny (2 player)
Population
200
Speed
Normal
Resources
Standard
Victory
Conquest
Starting age
Dark Age
Ending age
Imperial Age
RankedLock teamsTeams togetherTeam positionsShared explorationLock speedFull tech treeHidden civsTurbo modeCheats
Victory
Defeat
🇲🇽 Japanese · Mexico
1514
+16
🇨🇳 Japanese · China
1523
-16
Ux'Abdi
6:36 Loom
9:22 Feudal Age
9:28 Man-at-Arms
13:33 Fletching
G2_pizza
6:35 Loom
9:03 Feudal Age
9:29 Man-at-Arms
10:18 Double-Bit Axe
Connection lost

Rejoining the realm…

Still unreachable

The connection could not be restored.

Session expired

The server has moved on; the page needs a fresh start.